 Dungeon Crawl Stone Soup version 0.24.1-14-gf8d2b509d9 (webtiles) character file.

Game seed: 1941207559526537143, levelgen mode: deterministic

4 HyperTrauma the Sneak (level 1, -1/13 HPs)
             Began as a Vampire Wizard on Jan 30, 2021.
             Slain by a leopard gecko (4 damage)
             ... on level 1 of the Dungeon.
             The game lasted 00:01:48 (288 turns).

HyperTrauma the Sneak (Vampire Wizard)               Turns: 288, Time: 00:01:49

Health: -1/13      AC:  2    Str:  6    XL:     1   Next: 58%
Magic:  0/4        EV: 12    Int: 20    God:
Gold:   0          SH:  0    Dex: 12    Spells: 5/6 levels left

rFire    . . .     SeeInvis +   (no weapon)
rCold    . . .     Gourm    .   (no shield)
rNeg     . . .     Faith    .   a - +0 robe
rPois    .         Spirit   .   b - +0 hat
rElec    .         Reflect  .   (no cloak)
rCorr    .         Harm     .   (no gloves)
MR       .....                  (no boots)
Stlth    ++........             (no amulet)
HPRegen  0.24/turn              (no ring)
MPRegen  0.09/turn              (no ring)

@: regenerating quickly
A: no food, fangs 3, see invisible, unbreathing
a: Exsanguinate


You were on level 1 of the Dungeon.
You were alive.

You visited 1 branch of the dungeon, and saw 1 of its levels.


Innate Abilities, Weirdness & Mutations

You do not eat.
Your natural rate of healing is unusually fast.
You have razor-sharp teeth.
You have supernaturally acute eyesight. (SInv)
You can survive without breathing.


   Skills:
 - Level 2.1 Dodging
 + Level 3.2 Stealth
 - Level 3.0 Spellcasting
 * Level 1.0 Conjurations
   Level 1.0 Summonings
   Level 0.7 Translocations


You had 5 spell levels left.
You knew the following spells:

 Your Spells              Type           Power        Failure   Level  Hunger
z - Magic Dart            Conj           #...         10%         1    N/A

Your spell library contained the following spells:

 Spells                   Type           Power        Failure   Level  Hunger
 Call Imp                 Summ           #.......     14%         2    N/A
 Blink                    Tloc           N/A          16%         2    N/A
 Slow                     Hex            #.......     22%         2    N/A
 Conjure Flame            Conj/Fire      #.......     34%         3    N/A
 Mephitic Cloud           Conj/Pois/Air  #.......     36%         3    N/A

Inventory:

Missiles
 c - 8 poisoned darts (quivered)
Armour
 a - a +0 robe (worn)
 b - a +0 hat (worn)

Dungeon Overview and Level Annotations

Branches:
Dungeon (1/15)

Altars:

### ###
#@##
#.####l#
##.##.##
##[##l##
#.####.##
##.####l##
##.####.#
##.##.##
##.##l##


You could see a leopard gecko.


Message History

You closely miss the leopard gecko. Your bite misses the leopard gecko.
The leopard gecko is lightly wounded.
The leopard gecko barely misses you.
You barely miss the leopard gecko.
The leopard gecko is lightly wounded.
The leopard gecko misses you.
You hit the leopard gecko.
The leopard gecko is moderately wounded.
The leopard gecko barely misses you.
You hit the leopard gecko.
The leopard gecko is heavily wounded.
The leopard gecko closely misses you. x2
Casting: Magic Dart (safe; 10% risk of failure)
Confirm with . or Enter, or press ? or * to list all spells.
Aiming: Magic Dart (safe; 10% risk of failure)
Press: ? - help, Shift-Dir - straight line, f - leopard gecko
Aim: a leopard gecko (heavily wounded, clinging)
The magic dart hits the leopard gecko.
The leopard gecko is almost dead.
The leopard gecko closely misses you.
You hit the leopard gecko but do no damage.
The leopard gecko is almost dead.
The leopard gecko barely misses you.
You miss the leopard gecko.
The leopard gecko is almost dead.
The leopard gecko misses you.
You hit the leopard gecko but do no damage.
The leopard gecko is almost dead.
The leopard gecko bites you.
You die...

Skill      XL: |  1 |
---------------+----+-----
Conjurations   | 1 |  1.0
Dodging        | |  2.1
Stealth        | |  3.2
Spellcasting   | |  3.0
Summonings     | |  1.0
Translocations | |  0.7

Action                   || total
-------------------------++-------
Melee: Unarmed           ||    29
       Bite              ||     1
 Cast: Magic Dart        ||    14
Armor: Robe              ||     2
Dodge: Dodged            ||    23

Levels and vault maps discovered:
D:1:      nagdon_arrival_zigzag_paths, layout_basic

Notes
Turn   | Place    | Note
-------+----------+-------------------------------------------
     0 | D:1      | HyperTrauma the Vampire Wizard began the quest for the Orb.
     0 | D:1      | Reached XP level 1. HP: 13/13 MP: 4/4
   130 | D:1      | Reached skill level 1 in Conjurations
   280 | D:1      | HP: 1/13 [leopard gecko (2)]
   288 | D:1      | Slain by a leopard gecko

Vanquished Creatures
  A leopard gecko (D:1)
  2 goblins (D:1)
3 creatures vanquished.

Table legend:
 A = Turns spent in this place as a percentage of turns spent in the entire game.
 B = Non-inter-level travel turns spent in this place as a percentage of non-inter-level travel turns spent in the entire game.
 C = Inter-level travel turns spent in this place as a percentage of turns spent in this place.
 D = Turns resting spent in this place as a percentage of non-inter-level travel turns spent in this place.
 E = Turns spent auto-exploring this place as a percentage of non-inter-level travel turns spent in this place.
 F = Non-inter-level travel turns spent in this place divided by the number of levels of this place that you've seen.
                   A       B       C       D       E      F
               +-------+-------+-------+-------+-------+----------------------
         Total | 100.0 | 100.0 |   0.0 |  13.9 |  12.8 | 288.0
       Dungeon | 100.0 | 100.0 |   0.0 |  13.9 |  12.8 | 288.0
               +-------+-------+-------+-------+-------+----------------------

Table legend:
 A = Non-vault XP
 B = Vault XP
 C = Vault XP percentage of total XP
 D = Non-vault monster count
 E = Vault monster count
 F = Vault count percentage of total count
                 A         B        C        D         E       F
            +---------+---------+-------+---------+---------+-------
      Total |       7 |       0 |   0.0 |       3 |       0 |   0.0
            +---------+---------+-------+---------+---------+-------
        D:1 |       7 |       0 |   0.0 |       3 |       0 |   0.0
            +---------+---------+-------+---------+---------+-------
